Map: Ascension vers Aïur EC

Players

snadge - Winner!

  • Race: Terran Terran
  • Spawn Location: 11:00

zidar

  • Race: Zerg Zerg
  • League: Gold
  • Spawn Location: 5:00

VOD

Have the link to the VOD?

Description

Time

  • Played on: July 6, 2017, 2:14 p.m.
  • Length: 7:49
Show
View Real Time Build Order
Export as new Build Order

snadge Terran - Winner!

Build Orders: Mech 

Get SALT Encoding   

  12  0:00  SCV  
  13  0:13  SCV  
  14  0:19  Supply Depot  
  14  0:25  SCV  
  15  0:40  SCV  
  15  0:42  Barracks  
  16  0:53  SCV  
  17  1:05  SCV  
  18  1:17  SCV  
  19  1:22  Command Center  
  19  1:29  SCV  
  19  1:30  Marine  
  21  1:45  Supply Depot  
  21  1:48  Marine  
  21  1:49  Orbital Command  
  22  1:56  Refinery  
  22  2:05  Marine  
  22  2:06  Refinery  
  23  2:15  Supply Depot  
  23  2:17  SCV  
  24  2:29  Marine, SCV  
  26  2:34  Orbital Command  
  26  2:40  Supply Depot  
  26  2:46  Bunker  
  26  2:47  SCV  
  26  2:49  Marine  
  28  2:58  Factory  
  28  3:01  SCV  
  28  3:04  SCV  
  30  3:13  SCV  
  30  3:14  Supply Depot  
  31  3:24  Factory  
  31  3:26  SCV  
  32  3:29  SCV  
  32  3:32  Refinery  
  33  3:38  SCV  
  34  3:42  Marine, SCV  
  36  3:49  Factory Tech Lab  
  36  3:54  Refinery  
  36  3:55  Factory  
  36  3:59  SCV  
  36  4:00  SCV  
  38  4:11  SCV  
  38  4:12  Marine, SCV  
  38  4:16  Siege Tank  
  46  4:17  Widow Mine  
  46  4:23  SCV  
  46  4:24  SCV  
  48  4:25  Factory  
  48  4:31  Supply Depot  
  48  4:34  Armory  
  48  4:35  SCV  
  48  4:36  SCV  
  50  4:43  Factory Reactor  
  50  4:44  Factory Tech Lab  
  50  4:48  Infernal Pre-Igniter  
  50  4:50  SCV  
  50  4:51  SCV  
  52  5:02  SCV  
  53  5:09  Command Center  
  53  5:10  SCV  
  53  5:13  Factory Tech Lab  
  54  5:17  Factory  
  54  5:18  SCV  
  55  5:22  Terran Vehicle Weapons Level 1  
  55  5:24  Marine  
  55  5:27  Siege Tank  
  59  5:29  Hellbat x2  
  63  5:39  SCV  
  63  5:40  SCV  
  63  5:41  Marine  
  66  5:46  Thor  
  66  5:49  Hellbat  
  74  5:51  Hellbat  
  74  5:52  Supply Depot  
  76  5:59  Marine  
  76  6:01  Factory Tech Lab  
  77  6:08  Supply Depot  
  77  6:09  Supply Depot  
  77  6:14  Thor  
  77  6:16  Supply Depot  
  83  6:35  Thor  
  83  6:36  Siege Tank  
  83  6:37  Hellbat x2  
  83  6:38  Orbital Command  
  96  6:41  Supply Depot  
  96  6:51  Hellbat  
  98  6:57  Hellbat  
  98  6:59  Supply Depot  
  98  7:00  Supply Depot  
  110  7:08  Hellbat x2  
  110  7:12  Hellbat  
  112  7:18  Hellbat  
Show
View Real Time Build Order
Export as new Build Order

zidar Zerg 

Build Orders: Hatch First 

Get SALT Encoding   

  12  0:02  Drone  
  13  0:12  Overlord  
  13  0:17  Drone  
  14  0:30  Drone x2  
  14  0:34  Drone  
  17  0:56  Hatchery  
  16  1:00  Drone  
  17  1:14  Spawning Pool  
  16  1:23  Drone  
  17  1:26  Extractor  
  17  1:28  Drone  
  17  1:30  Drone  
  18  1:56  Drone  
  18  1:57  Drone  
  18  2:00  Queen  
  22  2:08  Queen  
  24  2:10  Zergling x2  
  24  2:11  Zergling x4  
  27  2:18  Overlord  
  27  2:23  Drone  
  27  2:25  Metabolic Boost  
  27  2:55  Drone x6  
  33  3:03  Queen  
  35  3:11  Overlord x2  
  35  3:17  Drone  
  36  3:29  Drone  
  36  3:30  Drone x3  
  36  3:31  Drone  
  36  3:32  Overlord x2  
  41  3:47  Extractor  
  40  3:51  Drone x3  
  43  4:25  Lair  
  43  4:37  Zergling x18  
  52  4:40  Overlord  
  52  4:41  Overlord  
  52  4:46  Hatchery  
  51  5:00  Baneling Nest  
  50  5:15  Queen  
  52  5:30  Drone  
  52  5:32  Drone  
  52  5:33  Drone x7  
  61  5:37  Overlord x3  
  61  5:38  Overlord  
  61  5:46  Centrifical Hooks, Evolution Chamber  
  60  5:53  Evolution Chamber  
  60  5:54  Spire  
  58  6:13  Drone x3  
  58  6:16  Overlord x2  
  60  6:34  Zergling x18  
  60  6:38  Baneling x5  
  60  6:39  Baneling  
  69  6:40  Baneling  
  69  6:43  Zergling x2  
  69  6:44  Zergling x2  
  71  6:48  Drone  
  72  6:54  Zergling x12  
  72  6:55  Zergling x2  
  79  7:04  Zergling x4  
  80  7:22  Zergling x20  
  90  7:25  Baneling x9  
Tags
 
Composition
Mech
League
Gold
Matchup
TvZ
Spawn Locations
Cross Positions
Add a new tag
Caveats
  • Supply blocks, unpowered buildings, or Contaminate may cause inaccurate times.
  • Supply counts are checked every 10 seconds.